 Dungeon Crawl Stone Soup version 0.17-a0-1804-gf6433eb (webtiles) character file.

84 luca467 the Insei (level 4, 0/37 HPs)
             Began as a Demonspawn Monk on Sept 11, 2015.
             Slain by B1inky's ghost (9 damage)
             ... on level 3 of the Dungeon.
             The game lasted 00:08:22 (1821 turns).

luca467 the Insei (Demonspawn Monk)                 Turns: 1821, Time: 00:08:23

Health: 0/37       AC:  7    Str: 12    XL:     4   Next: 23%
Magic:  4/4        EV: 13    Int: 11    God:
Gold:   92         SH:  0    Dex: 16    Spells: 0 memorised, 3 levels left

rFire  . . .     SeeInvis .       - Unarmed
rCold  . . .     Clarity  .     a - +0 robe
rNeg   . . .     SustAt   .     (no shield)
rPois  .         Gourm    .     (no helmet)
rElec  .         Spirit   .     (no cloak)
rCorr  .         Warding  .     (no gloves)
rMut   .         Stasis   .     e - +0 pair of boots
MR     .....                    (no amulet)
Stlth  ++........               (no ring)
                                (no ring)

@: not resistant to hostile enchantments, unstealthy
A: iridescent scales 1, rot immunity
a: no special abilities


You were on level 3 of the Dungeon.
You were not hungry.

You visited 1 branch of the dungeon, and saw 3 of its levels.

You collected 92 gold pieces.

Inventory:

Armour
 a - a +0 robe (worn)
 e - a +0 pair of boots (worn)
 g - a +0 buckler
Jewellery
 h - a cursed amulet of faith {unknown}
Scrolls
 c - a scroll of noise {unknown}
 d - 4 scrolls of identify {unknown}
 j - a scroll of enchant weapon {unknown}
 k - a scroll of enchant armour {unknown}
Comestibles
 b - 2 bread rations
 f - 5 fruits


   Skills:
 + Level 3.8 Fighting
 + Level 3.1 Dodging
 - Level 1.7 Stealth
 * Level 4.4 Unarmed Combat


You had 3 spell levels left.
You didn't know any spells.

Dungeon Overview and Level Annotations

Branches:
Dungeon (3/15)

Altars:
Ru

Annotations:
D:2 Natasha
D:3 B1inky's ghost, weakling DgFi


Innate Abilities, Weirdness & Mutations

You are partially covered in iridescent scales (AC +4).
You are immune to rotting.


Message History

You see here a long sword.
You see here a bat skeleton.
B1inky's ghost says, "You must not succeed where I failed!"
B1inky's ghost lets out a mournful wail.
B1inky's ghost screams, "Don't try to defend!
You have no chance!"
You closely miss B1inky's ghost.
B1inky's ghost is moderately damaged.
B1inky's ghost hits you.
You barely miss B1inky's ghost.
B1inky's ghost is moderately damaged.
B1inky's ghost hits you!
* * * LOW HITPOINT WARNING * * *
You hit B1inky's ghost but do no damage.
B1inky's ghost is moderately damaged.
B1inky's ghost hits you but does no damage.
You hit B1inky's ghost but do no damage.
You punch B1inky's ghost, but do no damage.
B1inky's ghost is moderately damaged.
B1inky's ghost hits you!
You die...

#..###....
._..............†###
#.## (#
...#.#.#....#.......
#g# #.# #.#g...#.#...g.
#.# ... # #..!##.#.##.g
#g# ##.## #g.....#.##.#
#.# .$. ##.###.#.##.#
#.# #.#######.#
#...W..#
#.###########.#.......#
###.....
#...........ggW@#######
######
#################


You could see B1inky's ghost, a gnoll and a hobgoblin.

Vanquished Creatures
  2 gnolls
  2 adders (D:2)
  2 giant geckos
  3 giant cockroaches
  7 hobgoblins
  2 kobolds
  9 bats
  7 giant newts
  7 goblins (D:1)
  5 rats
46 creatures vanquished.

Notes
Turn   | Place    | Note
--------------------------------------------------------------
     0 | D:1      | luca467 the Demonspawn Monk began the quest for the Orb.
     0 | D:1      | Reached XP level 1. HP: 18/18 MP: 1/1
   335 | D:1      | Gained mutation: You are immune to rotting. [demonic ancestry]
   335 | D:1      | Reached XP level 2. HP: 21/24 MP: 2/2
   496 | D:1      | Reached skill level 4 in Unarmed Combat
   792 | D:1      | Reached XP level 3. HP: 29/29 MP: 3/3
  1332 | D:2      | Gained mutation: You are partially covered in iridescent scales (AC +4). [demonic ancestry]
  1332 | D:2      | Reached XP level 4. HP: 36/36 MP: 4/4
  1362 | D:2      | Noticed Natasha
  1386 | D:3      | Noticed B1inky's ghost (weakling DgFi)
  1411 | D:3      | Found a sacrificial altar of Ru.
  1821 | D:3      | Slain by B1inky's ghost

Vault maps used:
D:1:      mainiacjoe_arrival_reflecting_pool
D:2:      lemuel_doored_altar, first_bread, minmay_misc_feat_ornament,
          uniq_natasha
D:3:      nicolae_ru_sacrificial_ziggurat

Action                   |  1- 3 |  4- 6 || total
-------------------------+-------+-------++-------
Melee: Unarmed           |   125 |    44 ||   169
  Use: Potion            |       |     1 ||     1
 Stab: Sleeping          |     9 |     2 ||    11
  Eat: Chunk             |     1 |       ||     1
       Bread ration      |       |     1 ||     1
